 Dungeon Crawl Stone Soup version 0.31-a0-38-g1548c4f2a5 (webtiles) character file.

Game seed: 8200383236103226626

10206 Pooter the Cleaver (level 11, -2/99 HPs)
             Began as a Minotaur Monk on May 16, 2023.
             Was an Elder of Makhleb.
             Slain by a hellwing (7 damage)
             ... summoned by a kobold demonologist
             ... on level 1 of the Abyss.
             The game lasted 01:13:09 (12776 turns).

Pooter the Cleaver (Minotaur Monk)                 Turns: 12776, Time: 01:13:09

Health: -2/99      AC: -3    Str: 20    XL:     11   Next: 33%
Magic:  4/4        EV:  7    Int: 12    God:    Makhleb [****..]
Gold:   361        SH:  0    Dex: 13    Spells: 10/10 levels left

rFire   + + .        n - +8 broad axe "Rocvioc" {antimagic, *Corrode rElec rC+ Int+5}
rCold   + . .        (no shield)
rNeg    . . .        S - +2 plate armour {rF+}
rPois   .            (helmet restricted)
rElec   +            (no cloak)
rCorr   .            v - +0 pair of gloves
SInv    .            (no boots)
Will    +....        U - amulet of faith {!P} Stlth
                     y - ring of protection from fire
HPRegen 0.36/turn    J - ring of willpower
MPRegen 0.09/turn

%: corrode self (3%), faith
@: corroded, studying Dodging
A: horns 2, retaliatory headbutt
a: Renounce Religion, Minor Destruction, Lesser Servant of Makhleb, Major
Destruction


You were on level 1 of the Abyss.
You worshipped Makhleb.
Makhleb was greatly pleased with you.
You visited 3 branches of the dungeon, and saw 12 of its levels.
You visited the Abyss 1 time.
You also visited: Sewer and Ossuary.

You collected 1228 gold pieces.
You spent 867 gold pieces at shops.

Inventory:

Hand Weapons
 a - a +3 heavy war axe
   (You took it off an orc on level 5 of the Dungeon)
 b - a +0 arbalest of freezing
   (You bought it in a shop on level 8 of the Dungeon)
 n - the +8 broad axe "Rocvioc" (weapon) {antimagic, *Corrode rElec rC+ Int+5}
   (You acquired it on level 8 of the Dungeon)

   Int:       It affects your intelligence (+5).
   rC:        It protects you from cold.
   rElec:     It insulates you from electricity.
   *Corrode:  It may corrode you when you take damage.
 u - a +0 halberd
   (You took it off a gnoll on level 2 of the Dungeon)
 I - a +0 trident
   (You took it off an orc priest on level 4 of the Dungeon)
 P - a +1 heavy morningstar
   (You took it off an orc on level 9 of the Dungeon)
Missiles
 i - a curare-tipped dart
 r - 39 poisoned darts
 C - 14 boomerangs (quivered)
 Q - 120 stones
 X - 2 boomerangs of dispersal {!f}
Armour
 v - a +0 pair of gloves (worn)
   (You found it on level 2 of the Dungeon)
 M - a +4 plate armour
   (You took it off a kobold on level 4 of the Dungeon)
 S - a +2 plate armour of fire resistance (worn)
   (You took it off an orc warrior on level 6 of the Dungeon)
Jewellery
 y - a ring of protection from fire (left hand)
   (You found it on level 2 of the Dungeon)
 F - the ring "Voeri" {Drain rPois rF+ Str+3}
   (You took it off a gnoll on level 8 of the Dungeon)

   [ring of protection from fire]

   Str:       It affects your strength (+3).
   rF:        It protects you from fire.
   rPois:     It protects you from poison.
   Drain:     It drains your maximum health when unequipped.
 J - a ring of willpower (right hand)
   (You found it on level 4 of the Dungeon)
 U - an amulet of faith (around neck) {!P}
   (You took it off a kobold on level 7 of the Dungeon)
 W - a ring of wizardry
   (You found it on level 2 of the Dungeon)
Wands
 d - a wand of iceblast (13)
   (You found it on level 8 of the Dungeon)
 f - a wand of flame (10)
   (You took it off a gnoll on level 8 of the Dungeon)
 m - a wand of charming (2)
   (You found it on level 9 of the Dungeon)
 D - a wand of digging (17)
   (You found it on level 5 of the Dungeon)
 K - a wand of polymorph (2)
   (You took it off Grinder on level 4 of the Dungeon)
Scrolls
 e - 2 scrolls of noise {!r}
 g - 7 scrolls of poison {!r}
 h - 2 scrolls of torment {!r}
 j - 3 scrolls of blinking
 p - 4 scrolls of vulnerability {!r}
 t - 3 scrolls of teleportation {@r4}
 w - a scroll of fear
 A - 2 scrolls of fog
 R - a scroll of silence
 T - 2 scrolls of summoning
 V - a scroll of magic mapping
 Z - 2 scrolls of immolation {!r}
Potions
 c - 4 potions of cancellation {unknown}
 k - 2 potions of mutation {!q}
 l - 2 potions of resistance {unknown}
 o - 4 potions of brilliance
 q - 8 potions of curing {@q1}
 s - 5 potions of haste {@q3}
 z - 3 potions of heal wounds {@q2}
 B - 3 potions of invisibility
 E - a potion of magic {unknown}
 G - 3 potions of attraction {unknown}
 H - a potion of might {unknown}
 L - a potion of lignification {unknown}
 N - 3 potions of berserk rage {unknown}
 O - 2 potions of flight {unknown}
Miscellaneous
 x - a phantom mirror (inert)
   (You found it on level 10 of the Dungeon)


   Skills:
 + Level 9.8 Fighting
 - Level 1.0 Short Blades
 * Level 13.0 Axes
 * Level 8.6 Ranged Weapons
 + Level 5.6 Dodging
 - Level 5.5 Stealth
 + Level 6.4 Invocations


You had 10 spell levels left.
You didn't know any spells.
Your spell library contained the following spells:

 Spells                   Type           Power      Damage    Failure   Level
 Beastly Appendage        Tmut           0%         N/A       100%        1
 Shock                    Conj/Air       0%         1d3       100%        1
 Sublimation of Blood     Necr           0%         N/A       100%        2
 Wereblood                Tmut           0%         N/A       100%        2
 Ignite Poison            Fire/Tmut/Pois 0%         N/A       100%        3
 Spider Form              Tmut/Pois      0%         N/A       100%        3
 Swiftness                Air            0%         N/A       100%        3
 Volatile Blastmotes      Fire/Tloc      0%         2d10      100%        3
 Airstrike                Air            0%         2d(0-16)  100%        4
 Fulminant Prism          Conj/Hex       0%         3d5       100%        4
 Iskenderun's Mystic Bla  Conj/Tloc      0%         2d3       100%        4
 Petrify                  Tmut/Erth      0%         N/A       100%        4
 Sticky Flame             Conj/Fire      0%         2d3       100%        4
 Irradiate                Conj/Tmut      0%         3d11      100%        5
 Lee's Rapid Deconstruct  Erth           0%         3d4*      100%        5
 Ignition                 Fire           0%         3d3       100%        8


Dungeon Overview and Level Annotations

Branches:
Dungeon (10/15)            Temple (1/1) D:5             Orc (1/2) D:10
  Sewer (visited)         Ossuary (visited)
   Lair: D:8-11

Altars:
Gozag
Hepliaklqana
Kikubaaqudgha
Makhleb
Ru
Wu Jian
Xom

Shops:
D:6 (   D:7 :   D:8 ?[[(

Annotations:
D:10 Sonja


Innate Abilities, Weirdness & Mutations

You have a pair of horns on your head.
You reflexively headbutt those who attack you in melee.


Message History

* * * LOW HITPOINT WARNING * * *
The kobold demonologist hits you but does no damage.
The crimson imp hits you.
* * * LOW HITPOINT WARNING * * *
The ufetubus hits you.
* * * LOW HITPOINT WARNING * * *
The ufetubus hits you.
* * * LOW HITPOINT WARNING * * *
The kobold brigand hits you but does no damage.
The rust devil completely misses you.
Unknown command.
You slash the hellwing!
You headbutt the hellwing, but do no damage.
You hit the kobold demonologist but do no damage.
You hit the ufetubus. You closely miss the kobold brigand.
You hit the rust devil but do no damage.
You hit the crimson imp but do no damage.
You barely miss the kobold brigand.
The ufetubus hits you but does no damage.
The ufetubus closely misses you. The hellwing hits you!
* * * LOW HITPOINT WARNING * * *
The hellwing hits you but does no damage.
The kobold demonologist hits you with a +0 dagger.
* * * LOW HITPOINT WARNING * * *
The kobold brigand closely misses you.
The crimson imp falters for a moment.
The ynoxinul gestures.
The kobold brigand hits you with a +0 whip.
* * * LOW HITPOINT WARNING * * *
The rust devil hits you!
* * * LOW HITPOINT WARNING * * *
Your corrosive artefact corrodes you!
The rust devil corrodes you!
Unknown command.
You hit the hellwing but do no damage.
You headbutt the hellwing, but do no damage.
You hit the kobold brigand.
You hit the rust devil but do no damage.
You slash the crimson imp!
The crimson imp's magic leaks into the air.
You slash the kobold brigand!
You kill the kobold brigand!
Makhleb accepts your kill.
You feel better.
You closely miss the kobold demonologist.
You slash the ufetubus!
You kill the ufetubus!
The ufetubus disappears in a puff of smoke!
The hellwing hits you.
* * * LOW HITPOINT WARNING * * *
The hellwing hits you!
You die...

#. .##. #~~## #.#
... #~~..##
.#.##..###~~#.#.#
....#...~......
#.....≈......##+#
#.#...≈........ #
..#...)K4....... .
#...~K@5.......# #
#.....54).......# .
#.##....5...........
#.5#.#........ ..
#....355..........
#.....5....... ....
##.................
.#.........##....
.... ... .# .##.


You could see a hellwing (summoned), a rust devil (summoned), a kobold
demonologist (magic disrupted), a ynoxinul, a kobold brigand, a crimson imp
(summoned, magic disrupted) and 6 ufetubi.

Vanquished Creatures
  The ghost of BlasphemerAmon the Fighter, a novice HOFi of Beogh (D:8)
  4 trolls
  Grinder (D:4)
  Sigmund (D:3)
  2 wyverns
  A wraith (D:9)
  7 yaks
  A naga (D:6)
  3 water moccasins
  Duvessa (D:7)
  An ice beast (D:6)
  9 orc warriors
  2 ogres
  A phantom (D:3)
  8 kobold brigands
  3 bullfrogs
  10 scorpions
  9 killer bees
  A howler monkey (D:9)
  2 jellies
  6 centaur zombies (Ossuary)
  3 hounds
  3 human zombies (Ossuary)
  5 orc priests
  2 gnoll boudas
  2 sleepcaps
  An iguana (D:5)
  Terence (D:3)
  12 orc wizards
  3 scorpion zombies (Ossuary)
  4 mummies
  Robin (D:2)
  23 gnolls
  10 adders
  A river rat (Sewer)
  A shadow imp (D:7)
  A white imp (D:6)
  2 ufetubi
  A worm (D:3)
  3 dart slugs
  47 orcs
  14 endoplasms
  6 giant cockroaches
  15 goblins
  10 hobgoblins
  5 quokkas
  7 ball pythons
  7 bats
  7 frilled lizards
  A gnoll zombie (Ossuary)
  2 hobgoblin zombies (Ossuary)
  40 kobolds
  2 kobold zombies (Ossuary)
  An orc zombie (Ossuary)
  9 rats
326 creatures vanquished.

Vanquished Creatures (collateral kills)
  A two-headed ogre (D:8)
  An orc sorcerer (Orc:1)
  A dream sheep (D:8)
  Menkaure (D:7)
  A centaur (D:8)
  2 gnoll sergeants (D:8)
  5 killer bees (D:8)
  An orc priest (Orc:1)
  2 gnoll boudas (D:8)
  2 orc wizards
  3 gnolls (D:8)
  6 orcs
26 creatures vanquished.

Grand Total: 352 creatures vanquished

Notes
Turn   | Place    | Note
-------+----------+-------------------------------------------
     0 | D:1      | Pooter the Minotaur Monk began the quest for the Orb.
     0 | D:1      | Reached XP level 1. HP: 19/19 MP: 0/0
   198 | D:1      | Reached XP level 2. HP: 27/27 MP: 1/1
   208 | D:1      | Reached skill level 4 in Axes
   273 | D:1      | Reached skill level 1 in Stealth
   697 | D:2      | Noticed Robin
   700 | D:2      | Reached XP level 3. HP: 31/33 MP: 2/2
   716 | D:2      | Killed Robin
   904 | D:2      | Reached XP level 4. HP: 28/40 MP: 3/3
  1363 | D:2      | Reached skill level 5 in Axes
  1513 | D:3      | Noticed Terence
  1518 | D:3      | Killed Terence
  1519 | D:3      | Noticed Sigmund
  1574 | D:3      | Reached XP level 5. HP: 44/47 MP: 4/4
  1589 | D:3      | Noticed a phantom
  1608 | D:3      | Killed a phantom
  1635 | D:3      | Found a glowing drain.
  1690 | Sewer    | Entered a sewer
  1695 | Sewer    | Reached XP level 6. HP: 55/55 MP: 5/5
  1836 | Sewer    | Reached skill level 5 in Fighting
  1836 | Sewer    | Reached skill level 6 in Axes
  2571 | D:3      | Killed Sigmund
  2572 | D:3      | Reached XP level 7. HP: 54/61 MP: 6/6
  3017 | D:4      | Reached skill level 7 in Axes
  3710 | D:4      | Noticed Grinder
  3723 | D:4      | Killed Grinder
  3724 | D:4      | Reached skill level 5 in Stealth
  3724 | D:4      | Reached XP level 8. HP: 43/70 MP: 7/7
  3995 | D:4      | Reached skill level 8 in Axes
  4662 | D:5      | Entered Level 5 of the Dungeon
  4851 | D:5      | Found a staircase to the Ecumenical Temple.
  4857 | Temple   | Entered the Ecumenical Temple
  4885 | Temple   | Became a worshipper of Makhleb the Destroyer
  4885 | Temple   | Reached * piety under Makhleb
  4885 | Temple   | Reached ** piety under Makhleb
  5139 | D:5      | Reached skill level 1 in Invocations
  5148 | D:5      | Reached skill level 1 in Short Blades
  5772 | D:6      | Reached skill level 9 in Axes
  5989 | D:6      | Found a sand-covered staircase.
  6076 | Ossuary  | Entered an ossuary
  6136 | Ossuary  | Reached skill level 1 in Ranged Weapons
  6238 | Ossuary  | Reached XP level 9. HP: 64/79 MP: 10/10
  6598 | Ossuary  | Reached *** piety under Makhleb
  6731 | D:6      | Reached skill level 10 in Axes
  7018 | D:6      | Found Pasin's Weapon Shoppe.
  7522 | D:7      | Noticed Menkaure
  7524 | D:7      | Killed Menkaure
  7810 | D:7      | Reached skill level 5 in Ranged Weapons
  7994 | D:7      | Noticed Dowan
  7994 | D:7      | Noticed Duvessa
  7995 | D:7      | Dowan changed into Dowan the killer bee
  7995 | D:7      | Noticed Dowan
  8003 | D:7      | Killed Duvessa
  8005 | D:7      | Killed Dowan the killer bee
  8058 | D:7      | Found Ketribax's Self-Improvement Boutique.
  8334 | D:8      | Found Nintimp's Armour Emporium.
  8337 | D:8      | Reached skill level 11 in Axes
  8341 | D:8      | Reached XP level 10. HP: 74/90 MP: 12/12
  8475 | D:8      | Found Waeteuno's Antique Weapon Emporium.
  8487 | D:8      | Bought an arbalest for 117 gold pieces
  8499 | D:8      | Found a transporter.
  8535 | D:8      | Found a transporter.
  8560 | D:8      | Reached skill level 5 in Invocations
  8731 | D:8      | Noticed a two-headed ogre
  8738 | D:8      | Killed a two-headed ogre
  8891 | D:8      | Found Kumogax's Magic Scroll Shoppe.
  8899 | D:8      | Bought a scroll of enchant armour for 75 gold pieces
  8899 | D:8      | Bought a scroll of immolation for 40 gold pieces
  8899 | D:8      | Bought a scroll of summoning for 95 gold pieces
  8899 | D:8      | Bought a scroll of identify for 20 gold pieces
  9044 | D:8      | Identified the ring "Voeri" {Drain rPois rF+ Str+3}
  9129 | D:8      | Found Haqiemp's Antique Armour Emporium.
  9404 | D:8      | Noticed BlasphemerAmon's ghost (novice HOFi)
  9429 | D:8      | Killed BlasphemerAmon's ghost
  9430 | D:8      | Reached skill level 12 in Axes
  9803 | D:9      | Identified a scroll of acquirement
  9804 | D:9      | Acquired 365 gold pieces
  9845 | D:8      | Bought a scroll of acquirement for 520 gold pieces
  9845 | D:8      | Acquired the +8 broad axe "Rocvioc" {antimagic, *Corrode
                  | rElec rC+ Int+5}
 10541 | D:9      | Reached **** piety under Makhleb
 10719 | D:10     | Entered Level 10 of the Dungeon
 10812 | D:9      | Reached XP level 11. HP: 46/97 MP: 14/14
 11548 | D:10     | Found a staircase to the Orcish Mines.
 11565 | Orc:1    | Entered Level 1 of the Orcish Mines
 11854 | Orc:1    | Reached skill level 5 in Dodging
 12274 | Orc:1    | Noticed an orc sorcerer
 12309 | Orc:1    | Killed an orc sorcerer
 12699 | D:10     | Noticed Sonja
 12710 | D:10     | Sonja changed into Sonja the tengu
 12710 | D:10     | Noticed Sonja
 12713 | D:10     | HP: 3/99 [troll (5)]
 12715 | D:10     | Reached skill level 13 in Axes
 12720 | Abyss:1  | Found a corrupted altar of Lugonu.
 12720 | Abyss:1  | Cast into level 1 of the Abyss (Sonja)
 12775 | Abyss:1  | HP: 2/99 [rust devil[a kobold demonologist] (8)]
 12776 | Abyss:1  | Slain by a hellwing

Illustrated notes

Levels and vault maps discovered:
D:1:      minmay_arrival_solitary_statue, layout_rooms
D:2:      layout_basic, minmay_misc_feat_square, kennysheep_big_empty_room,
          minmay_tetromino_i4, uniq_robin
D:3:      layout_loops_ring, portal_sewer_entry_a, supply_closet_lemuel,
          uniq_sigmund, uniq_terence
D:4:      layout_loops_corners, serial_bayou, serial_bayou_shore_a,
          serial_bayou_ford_a, serial_bayou_pond_c, serial_bayou_pond_b,
          grunt_decor_resistance, minivault_14, serial_bayou_crossing,
          uniq_grinder
D:5:      layout_cave_pods, minmay_temple_entry_fiery, minmay_fractal_squares_5
D:6:      layout_rooms, gup_ossuary_entry_pyramid, nicolae_inconvenience_store
D:7:      layout_basic, nicolae_shop_self_help, uniq_duvessa, uniq_menkaure
D:8:      layout_cave_pools, serial_shops, shop_statue, nicolae_shop_scrapyard,
          nicolae_shop_overgrown_old_shop, nicolae_shop_overgrown_old_shop,
          serial_glass, glass_columns_a, glass_columns_c,
          gammafunk_ghost_gnarly_gnolls, dreamdust_gnoll_shepherd
D:9:      layout_roguey
D:10:     layout_basic, nicolae_qazlal_eye_of_the_storm, david_orc_2,
          hellmonk_ghost_happy_afterlife, uniq_sonja, uniq_fannar, uniq_erica
Temple:   minmay_crystal_snake_temple
Orc:1:    layout_caves, serial_shops, nicolae_shop_tiny_glass,
          guppyfry_library_mini
Abyss:1:  base:
Lair:5

Skill      XL: |  1  2  3  4  5  6  7  8  9 10 11 |
---------------+----------------------------------+-----
Axes           | 4 5 6 7 9 11 12 13 | 13.0
Stealth        | 1 2 3 4 5 |  5.5
Fighting       | 4 5 6 7 8 9 |  9.8
Invocations    | 3 4 6 |  6.4
Short Blades   | 1 |  1.0
Ranged Weapons | 1 5 7 8 |  8.6
Dodging        | 4 5 |  5.6

Action                     |  1- 3 |  4- 6 |  7- 9 | 10-12 || total
---------------------------+-------+-------+-------+-------++-------
  Melee: Hand axe          |    19 |     3 |       |       ||    22
         Headbutt          |    13 |    34 |    68 |    32 ||   147
         Short sword       |    74 |   189 |   146 |       ||   409
         War axe           |       |       |   226 |   132 ||   358
         Punch             |       |       |       |     2 ||     2
         Broad axe         |       |       |       |    19 ||    19
   Fire: Sling             |       |       |     7 |       ||     7
         Arbalest          |       |       |       |    21 ||    21
  Throw: Stone             |     6 |    12 |       |       ||    18
         Dart              |       |     4 |     4 |       ||     8
         Boomerang         |       |       |    63 |       ||    63
 Invoke: Minor Destruction |       |       |     3 |       ||     3
         Lesser Servant of |       |       |     2 |    13 ||    15
  Evoke: Wand              |       |       |     5 |     8 ||    13
         Phantom mirror    |       |       |       |     1 ||     1
    Use: Scroll            |     3 |     3 |    14 |    12 ||    32
         Potion            |       |     1 |       |     3 ||     4
   Stab: Sleeping          |       |     2 |       |       ||     2
         Distracted        |       |       |       |     2 ||     2
 Armour: Ring mail         |    41 |    67 |    20 |       ||   128
         Robe              |     1 |       |       |       ||     1
         Plate armour      |       |       |   233 |   196 ||   429
  Dodge: Dodged            |    54 |    82 |   101 |   102 ||   339
  Block: Kite shield       |    29 |    55 |   133 |     2 ||   219

Table legend: (Time is in decaauts)
 A = Elapsed time spent in this place.
 B = Non-inter-level travel time spent in this place.
 C = Inter-level travel time spent in this place.
 D = Time resting spent in this place.
 E = Time spent auto-exploring this place.
 F = Levels seen in this place.
 G = Mean time per level.
                   A        B        C        D        E       F      G
               +--------+--------+--------+--------+--------+-----+--------+
         Total |  13165 |  12696 |    469 |   3056 |   6693 |  15 |  877.7 |
       Dungeon |  11236 |  10816 |    420 |   2860 |   5658 |  10 | 1123.6 |
        Temple |     53 |     29 |     24 |      0 |     17 |   1 |   53.0 |
  Orcish Mines |    690 |    665 |     25 |      0 |    546 |   1 |  690.0 |
         Abyss |     58 |     58 |      0 |      0 |     42 |   1 |   58.0 |
         Sewer |    508 |    508 |      0 |      0 |    293 |   1 |  508.0 |
       Ossuary |    617 |    617 |      0 |    196 |    136 |   1 |  617.0 |
               +--------+--------+--------+--------+--------+-----+--------+

Top non-repeatable levels by time:
     D:4: 1683 daAuts
     D:8: 1597 daAuts
     D:9: 1240 daAuts
     D:6: 1144 daAuts
     D:3: 1077 daAuts
     D:2: 1067 daAuts
     D:5: 1034 daAuts
    D:10: 947 daAuts
     D:7: 928 daAuts
   Orc:1: 690 daAuts
 Ossuary: 617 daAuts
     D:1: 514 daAuts
   Sewer: 508 daAuts
 Abyss:1: 58 daAuts
  Temple: 53 daAuts
